 Dungeon Sprint DCSS version 0.28-a0-925-gd5e1996cdb (webtiles) character file.

Game seed: 18110812944939759360

15317 emperorscorpion the Eclecticist (level 12, -11/78 HPs)
             Began as a Djinni Air Elementalist on Nov 26, 2021.
             Was the Champion of Makhleb.
             Hit by a large rock thrown by a stone giant (47 damage)
             ... in the Dungeon (Sprint IX: "|||||||||||||||||||||||||||||").
             The game lasted 00:16:45 (2111 turns).

emperorscorpion the Eclecticist (DjAE)              Turns: 2111, Time: 00:16:45

Health: -11/78     AC: 22    Str: 13    XL:     12   Next: 56%
Gold:   1282       EV:  7    Int: 26    God:    Makhleb [******] SH:  5 Dex: 16

rFire   + . .      SeeInvis .   k - +2 scimitar (flame)
rCold   . . .      Faith    .   (no shield)
rNeg    . . .      Spirit   .   l - +2 plate armour of Objectivity {Str+6}
rPois   ∞          Reflect  +   G - +1 helmet
rElec   .          Harm     .   u - +0 cloak
rCorr   .          Rampage  .   F - +0 pair of gloves {Dex+3}
Will    +....      NoTele   +   (boots unavailable)
Stlth   ..........              x - amulet of reflection
HPRegen 0.23/turn               n - +3 ring of intelligence
MPRegen 0.00/turn               D - ring of ice

@: flying
A: sickness immunity, fire resistance 2, cold vulnerability 1, float, innate
caster, hp casting, extra vitality 1
a: Renounce Religion, Minor Destruction, Lesser Servant of Makhleb, Major
Destruction, Greater Servant of Makhleb


You were in the Dungeon.
You worshipped Makhleb.
Makhleb was exalted by your worship.
You visited 1 branch You collected 1921 gold pieces.
You spent 639 gold pieces at shops.

Inventory:

Hand Weapons
 g - a +0 dagger
 j - a +2 rapier of chaos
 k - a +2 scimitar of flaming (weapon)
 z - the +5 falchion "Nevvowatt" {vorpal, rElec Str+4 SInv}
   (You bought it in a shop in the Dungeon)

   It inflicts extra damage upon your enemies.
   Str:       It affects your strength (+4).
   rElec:     It insulates you from electricity.
   SInv:      It lets you see invisible.
Armour
 a - a +0 robe
 l - the +2 plate armour of Objectivity (worn) {Str+6}
   (You found it in the Dungeon)

   Str:       It affects your strength (+6).
 m - a +1 chain mail
 u - a +0 cloak (worn)
 v - a +4 chain mail
 F - a +0 pair of gloves of dexterity (worn)
 G - a +1 helmet (worn)
Jewellery
 n - a +3 ring of intelligence (left hand)
 o - a +2 ring of protection
 w - a ring of positive energy
 x - an amulet of reflection (around neck)
 y - a +6 ring of strength
 A - a ring of protection from cold
 C - a ring of wizardry
 D - a ring of ice (right hand)
 E - an amulet of the acrobat
Wands
 B - a wand of polymorph (4)
Scrolls
 f - 4 scrolls of blinking
 q - 3 scrolls of enchant armour
 r - a scroll of identify
 t - a scroll of fear
 H - 2 scrolls of enchant weapon
 I - a scroll of fog
Potions
 b - 8 potions of curing
 c - 3 potions of heal wounds
 d - a potion of haste
 e - 2 potions of berserk rage
 h - a potion of invisibility
 i - 3 potions of brilliance
 p - 2 potions of might
 s - a potion of resistance


   Skills:
 + Level 4.1 Fighting
 + Level 10.5 Armour
 + Level 9.8 Dodging
 - Level 3.4 Stealth
 + Level 18.6 Spellcasting
 - Level 12.0 Invocations
 - Level 4.6 Evocations


You had 25 spell levels left.
You knew the following spells:

 Your Spells              Type           Power      Damage    Failure   Level
a - Shock                 Conj/Air       100%       1d9       1%          1
b - Static Discharge      Conj/Air       88%        N/A       1%          2
c - Swiftness             Air            88%        N/A       1%          3
d - Airstrike             Air            44%        N/A       1%          4
e - Pain                  Necr           100%       1d9       1%          1
f - Corpse Rot            Necr/Air       100%       N/A       1%          2
g - Ozocubu's Armour      Ice            100%       N/A       1%          3
h - Vampiric Draining     Necr           88%        2d12      1%          3
i - Olgreb's Toxic Radia  Pois           88%        N/A       1%          4
Your spell library was empty.

Dungeon Overview and Level Annotations

Branches:
Dungeon (1/1)

Altars:
Cheibriados
Dithmenos
Elyvilon
Fedhas
Gozag
Hepliaklqana
Kikubaaqudgha
Makhleb
Nemelex Xobeh
Okawaru
Qazlal
Ru
Sif Muna
Trog
Uskayaw
Vehumet
Wu Jian
Xom
Yredelemnul
Zin
The Shining One
Beogh
Jiyva
Lugonu

Shops:
D [***


Innate Abilities, Weirdness & Mutations

You are immune to sickness and miasma.
You are immune to poison.
Your flesh is very heat resistant. (rF++)
You are vulnerable to cold. (rC-)
You float through the air rather than walking.
You learn spells naturally, not from books.
Your magical power is your life essence.
You have superior vitality. (+4 HP)


Message History

Confirm with . or Enter, or press ? or * to list all spells.
Aiming: Airstrike (mildly dangerous; 1% risk of failure)
Press: ? - help, Dir - move target, f/p - stone giant
Aim: a stone giant, quivering large rocks (lightly wounded, poisoned, empty space bonus: 2/8)
The air twists around and strikes the stone giant but does no damage.
The stone giant looks even sicker.
Your toxic aura wanes.
Your Executioner hits the stone giant!!
Your Executioner barely misses the stone giant.
Your Executioner hits the stone giant but does no damage.
The stone giant throws a large rock.
The large rock hits your Executioner.
Your Executioner hits the stone giant!
Your Executioner hits the stone giant but does no damage. x2
Casting: Airstrike (mildly dangerous; 1% risk of failure)
Confirm with . or Enter, or press ? or * to list all spells.
Aiming: Airstrike (mildly dangerous; 1% risk of failure)
Press: ? - help, Dir - move target, f/p - stone giant
Aim: a stone giant, quivering large rocks (severely wounded, very poisoned, ally target, empty space bonus: 1/8)
The air twists around and strikes the stone giant.
The stone giant is severely wounded.
Your Executioner hits the stone giant but does no damage.
Your Executioner hits the stone giant.
Your Executioner hits the stone giant but does no damage.
Your Executioner hits the stone giant!
Your Executioner hits the stone giant but does no damage. x2
The stone giant throws a large rock.
The large rock hits your Executioner!!!
Your Executioner dies!
Your Executioner disappears in a puff of smoke!
Okay, then.
Casting: Airstrike (mildly dangerous; 1% risk of failure)
Confirm with . or Enter, or press ? or * to list all spells.
Aiming: Shock (safe; 1% risk of failure)
Press: ? - help, Shift-Dir - straight line, f/p - stone giant
Aim: a stone giant, quivering large rocks (almost dead, very poisoned, 100% to hit)
The zap hits the stone giant.
The stone giant is almost dead.
The zap hits something!
The stone giant throws a large rock.
The large rock hits you!!!
Ouch! That really hurt!
You die...

▓.▓.▓.▓.▓)▓.▓,*,*,*,*,*,*,*,*+
▓.▓.▓.▓.▓∩▓.▓.▓,*,*,*,*,*,*,*,
▓.▓.▓.▓.▓.▓.▓{▓,*,*,*,*,*,*,*,
▓[▓.▓.▓.▓∩▓.▓C▓,*,*,*,*,*,*,*,
▓†▓.▓.▓.▓.▓.▓)▓,*+*,*,*,*,*,*,
▓)▓.▓.▓.▓)▓.▓†▓,*,*,*,*,*,*,*,
▓?▓.▓.▓.▓.▓.▓†▓,*,*,*,*,*,*,*,
▓!▓.▓.▓.▓)▓.▓)▓,*,*,*,*,*,*,*,
▓'▓.▓'▓.▓)▓.▓@▓,*,*,*,*,*,*,*,
▓_▓.▓.▓.▓)▓.▓.▓,*,*,*,*,*,*,*,
▓_▓.▓.▓.▓.▓.▓.▓,*,*,*,*,*,*,*,
▓_▓.▓†▓.▓.▓.▓.▓,*,*,*,*,*,*,*,
▓_▓.▓.▓.▓.▓.▓.▓,*,*,*,*,*,*,*,
▓_▓.▓÷▓.▓.▓.▓.▓,*,*,*+*,*,*,*,
▓_▓.▓.▓.▓.▓.▓.▓,*+*,*,*,*,*,*+
▓_▓.▓†▓.▓.▓.▓.▓,*,*,*,*,*,*,*,
▓_▓.▓÷▓.▓.▓.▓.▓,*,*,*,*,*,*,*,


You could see a stone giant (very poisoned).

Vanquished Creatures
  A boulder beetle (D)
  3 centaur warriors (D)
  8 orc knights (D)
  2 ugly things (D)
  A manticore (D)
  A black mamba (D)
  A komodo dragon (D)
  A blink frog (D)
  A wyvern (D)
  5 yaks (D)
  A basilisk (D)
  A steam dragon (D)
  3 wargs (D)
  2 hell hounds (D)
  6 water moccasins (D)
  15 orc warriors (D)
  4 wolves (D)
  An ogre (D)
  A centaur (D)
  4 bullfrogs (D)
  A scorpion (D)
  A howler monkey (D)
  3 orc priests (D)
  4 orc wizards (D)
  A hell rat (D)
  An adder (D)
  A dart slug (D)
  8 orcs (D)
  A ball python (D)
  2 goblins (D)
  A hobgoblin (D)
  A jackal (D)
  A rat (D)
88 creatures vanquished.

Vanquished Creatures (collateral kills)
  A boulder beetle (D)
  A centaur warrior (D)
  A tengu warrior (D)
  2 ugly things (D)
  A freezing wraith (D)
6 creatures vanquished.

Grand Total: 94 creatures vanquished

Notes
Turn   | Place    | Note
-------+----------+-------------------------------------------
     0 | D        | emperorscorpion the Djinni Air Elementalist began the quest
                  | for the Orb.
     0 | D        | Reached XP level 1. HP: 15/15 MP: 0/0
     6 | D        | Reached skill level 3 in Spellcasting
     7 | D        | Reached XP level 2. HP: 17/21 MP: 0/0
    64 | D        | Noticed an ogre
    64 | D        | Noticed a scorpion
    67 | D        | Reached skill level 4 in Spellcasting
    69 | D        | Killed a scorpion
    70 | D        | Reached skill level 6 in Spellcasting
    70 | D        | Reached XP level 3. HP: 19/25 MP: 0/0
    70 | D        | Learned a level 1 spell: Pain
    70 | D        | Reached XP level 4. HP: 24/31 MP: 0/0
    71 | D        | Killed an ogre
    72 | D        | Reached skill level 7 in Spellcasting
    72 | D        | Reached XP level 5. HP: 24/35 MP: 0/0
    72 | D        | Learned a level 2 spell: Corpse Rot
    78 | D        | Found a snail-covered altar of Cheibriados.
    78 | D        | Found a shadowy altar of Dithmenos.
    78 | D        | Found a white marble altar of Elyvilon.
    78 | D        | Found a blossoming altar of Fedhas.
    78 | D        | Found an opulent altar of Gozag.
    79 | D        | Found a hazy altar of Hepliaklqana.
    80 | D        | Found a viscous altar of Jiyva.
    82 | D        | Found a corrupted altar of Lugonu.
    83 | D        | Found a burning altar of Makhleb.
    84 | D        | Found a sparkling altar of Nemelex Xobeh.
    85 | D        | Found an iron altar of Okawaru.
    86 | D        | Found a stormy altar of Qazlal.
    87 | D        | Found a sacrificial altar of Ru.
    89 | D        | Found a bloodstained altar of Trog.
    90 | D        | Found a hide-covered altar of Uskayaw.
    91 | D        | Became a worshipper of Makhleb the Destroyer
    93 | D        | Found an ornate altar of the Wu Jian Council.
    94 | D        | Found a shimmering altar of Xom.
    95 | D        | Found a basalt altar of Yredelemnul.
    96 | D        | Found a glowing silver altar of Zin.
    97 | D        | Found a glowing golden altar of the Shining One.
   168 | D        | Noticed a komodo dragon
   168 | D        | Noticed a yak
   168 | D        | Noticed a yak
   168 | D        | Noticed a centaur
   168 | D        | Noticed a yak
   171 | D        | Killed a centaur
   172 | D        | Reached skill level 5 in Dodging
   172 | D        | Reached skill level 8 in Spellcasting
   172 | D        | Reached XP level 6. HP: 17/40 MP: 0/0
   172 | D        | Killed a yak
   172 | D        | Reached * piety under Makhleb
   172 | D        | Killed a yak
   173 | D        | Reached skill level 9 in Spellcasting
   173 | D        | Reached skill level 1 in Evocations
   173 | D        | Reached XP level 7. HP: 26/46 MP: 0/0
   173 | D        | Learned a level 3 spell: Ozocubu's Armour
   174 | D        | Killed a yak
   175 | D        | Reached skill level 5 in Armour
   175 | D        | Reached skill level 10 in Spellcasting
   182 | D        | HP: 1/46 [komodo dragon (10)]
   189 | D        | Killed a komodo dragon
   189 | D        | Reached ** piety under Makhleb
   190 | D        | Reached skill level 1 in Fighting
   190 | D        | Reached skill level 5 in Invocations
   190 | D        | Reached XP level 8. HP: 3/52 MP: 0/0
   478 | D        | Noticed a manticore
   478 | D        | Noticed a brown ugly thing
   478 | D        | Noticed a centaur warrior
   478 | D        | Noticed a green ugly thing
   478 | D        | Noticed a centaur warrior
   478 | D        | Noticed a centaur warrior
   485 | D        | Killed a centaur warrior
   485 | D        | Killed a centaur warrior
   485 | D        | Killed a centaur warrior
   486 | D        | Reached skill level 12 in Spellcasting
   486 | D        | Reached XP level 9. HP: 46/58 MP: 0/0
   486 | D        | Learned a level 3 spell: Vampiric Draining
   493 | D        | Killed a green ugly thing
   493 | D        | Reached *** piety under Makhleb
   494 | D        | Reached skill level 13 in Spellcasting
   494 | D        | Reached XP level 10. HP: 42/64 MP: 0/0
   495 | D        | Killed a brown ugly thing
   498 | D        | Killed a manticore
   834 | D        | Reached **** piety under Makhleb
   842 | D        | Reached ***** piety under Makhleb
   843 | D        | Reached skill level 14 in Spellcasting
   857 | D        | Noticed a black mamba
   871 | D        | Killed a black mamba
   871 | D        | Reached ****** piety under Makhleb
   872 | D        | Reached XP level 11. HP: 47/70 MP: 0/0
   872 | D        | Learned a level 4 spell: Olgreb's Toxic Radiance
   873 | D        | Reached skill level 10 in Invocations
   988 | D        | Reached skill level 15 in Spellcasting
  1305 | D        | Noticed an orc knight
  1323 | D        | Killed an orc knight
  1598 | D        | Found Azeps's Assorted Antiques.
  1598 | D        | Noticed an orc knight
  1598 | D        | Noticed an orc knight
  1598 | D        | Noticed an orc knight
  1599 | D        | Noticed an orc knight
  1602 | D        | Noticed an orc knight
  1610 | D        | Killed an orc knight
  1611 | D        | Reached skill level 16 in Spellcasting
  1612 | D        | Killed an orc knight
  1613 | D        | Reached skill level 10 in Armour
  1614 | D        | Killed an orc knight
  1619 | D        | Killed an orc knight
  1621 | D        | Killed an orc knight
  1747 | D        | Found Xophog's Assorted Antiques.
  1751 | D        | Found Iczyro's General Store.
  1755 | D        | Found Wufo's Antique Armour Shop.
  1760 | D        | Noticed an orc knight
  1765 | D        | Reached XP level 12. HP: 62/78 MP: 0/0
  1770 | D        | Reached skill level 17 in Spellcasting
  1790 | D        | Bought a glowing robe for 81 gold pieces
  1795 | D        | Bought an ivory ring for 115 gold pieces
  1795 | D        | Bought a scroll labelled ZIBLEOVUCVU for 23 gold pieces
  1795 | D        | Bought a bone ring for 115 gold pieces
  1795 | D        | Bought a dark potion for 20 gold pieces
  1801 | D        | Bought a scroll labelled EHEADOAN WEGYH for 19 gold pieces
  1801 | D        | Bought a twisted falchion for 152 gold pieces
  1801 | D        | Identified the +5 falchion "Nevvowatt" {vorpal, rElec Str+4
                  | SInv} (You bought it in a shop in the Dungeon)
  1801 | D        | Bought a scroll labelled KYWOC FALYTHROR for 19 gold pieces
  1801 | D        | Bought a worn copper wand for 76 gold pieces
  1801 | D        | Bought a scroll labelled ZAZEGI GASINTU for 19 gold pieces
  1802 | D        | Acquired an amulet of reflection
  2046 | D        | Got the +2 plate armour of Objectivity {Str+6}
  2090 | D        | Noticed a centaur warrior
  2090 | D        | Noticed a boulder beetle
  2099 | D        | Killed a boulder beetle
  2100 | D        | Noticed a tengu warrior
  2101 | D        | Killed a centaur warrior
  2101 | D        | Noticed a boulder beetle
  2103 | D        | Noticed a stone giant
  2104 | D        | Reached skill level 18 in Spellcasting
  2106 | D        | Killed a tengu warrior
  2107 | D        | Killed a boulder beetle
  2111 | D        | Hit by a large rock thrown by a stone giant

Illustrated notes

Levels and vault maps discovered:
D:        linesprint [early_d, line_temple, items_1, d_10, items_2, lair_1,
          lair_end, items_3, orc_1, orc_end, items_4, d_15, swamp_1, shoals_1,
          snake_1, spider_1, d_20, vaults_1, items_5, swamp_end, shoals_end,
          snake_end, spider_end, vaults_end, d_27, items_6, zot_1, zot_end,
          crypt_end, forest_end, elf_end, slime_end, tomb_end, abyss_end,
          pan_hell_end]

Skill      XL: |  1  2  3  4  5  6  7  8  9 10 11 12 |
---------------+-------------------------------------+-----
Spellcasting   | 3 6 7 8 9 10 12 13 14 16 18 | 18.6
Stealth        | 2 3 |  3.4
Dodging        | 3 4 5 6 8 9 |  9.8
Armour         | 2 4 5 8 9 10 | 10.5
Invocations    | 2 4 5 8 9 11 12 | 12.0
Evocations     | 1 4 |  4.6
Fighting       | 1 2 4 |  4.1

Action                   |  1- 3 |  4- 6 |  7- 9 | 10-12 || total
-------------------------+-------+-------+-------+-------++-------
 Cast: Shock             |     8 |     1 |    12 |   103 ||   124
       Static Discharge  |       |     1 |     2 |    13 ||    16
       Corpse Rot        |       |       |     2 |     6 ||     8
       Vampiric Draining |       |       |     1 |    21 ||    22
       Ozocubu's Armour  |       |       |     1 |     1 ||     2
       Olgreb's Toxic Ra |       |       |       |    14 ||    14
       Swiftness         |       |       |       |     1 ||     1
       Airstrike         |       |       |       |     2 ||     2
Invok: Greater Servant o |       |       |       |     1 ||     1
Evoke: Wand              |       |     4 |     6 |       ||    10
  Use: Scroll            |       |       |     1 |     6 ||     7
       Potion            |       |       |     1 |     3 ||     4
Armor: Robe              |       |       |     5 |     4 ||     9
       Chain mail        |       |       |       |    35 ||    35
       Plate armour      |       |       |       |     3 ||     3
Dodge: Dodged            |     1 |     1 |     9 |    33 ||    44
Block: Other             |       |       |       |     1 ||     1

Table legend: (Time is in decaauts)
 A = Elapsed time spent in this place.
 B = Non-inter-level travel time spent in this place.
 C = Inter-level travel time spent in this place.
 D = Time resting spent in this place.
 E = Time spent auto-exploring this place.
 F = Levels seen in this place.
 G = Mean time per level.
                   A        B        C        D        E       F      G
               +--------+--------+--------+--------+--------+-----+--------+
         Total |   2107 |   2107 |      0 |   1181 |      0 |   1 | 2107.0 |
       Dungeon |   2107 |   2107 |      0 |   1181 |      0 |   1 | 2107.0 |
               +--------+--------+--------+--------+--------+-----+--------+

Top non-repeatable levels by time:
       D: 2107 daAuts
